 Dungeon Crawl Stone Soup version 0.17.2 (webtiles) character file.

259258 Shtopit the Severer (level 19, -22/192 HPs)
             Began as a Gargoyle Berserker on May 12, 2016.
             Was a High Priest of Trog.
             Killed from afar by a deep elf annihilator (70 damage)
             ... with a crystal spear
             ... on level 3 of the Elven Halls.
             The game lasted 03:09:07 (41367 turns).

Shtopit the Severer (Gargoyle Berserker)           Turns: 41367, Time: 03:09:07

Health: -22/192    AC: 42    Str: 29    XL:     19   Next: 89%
Magic:  26/38      EV: 15    Int:  6    God:    Trog [*****.]
Gold:   3508       SH:  0    Dex: 16    Spells: 0 memorised, 18 levels left

rFire  + . .     SeeInvis +     R - +7 battleaxe of Change {flame, rC+ Int-4 Dex+5}
rCold  + + +     Rnd*Rage +     m - +7 chain mail "Filurgh" {+Blink +Inv rN+}
rNeg   + + +     SustAt   .     (shield currently unavailable)
rPois  ∞         Gourm    .     d - +2 hat
rElec  +         Spirit   .     v - +2 cloak {+Inv}
rCorr  .         Warding  +     N - +0 pair of gloves "Losom" {-Cast rElec Dex+2}
rMut   .         Stasis   .     P - +0 pair of boots
MR     ++...     NoCast   +     b - amulet of Efuyxa Uco {Ward rN+ MP+9 Str-4 SInv}
Stlth  ..........               t - ring "Zoeshergh" {rC++ MR+ Int+3}
                                r - ring of protection from fire

@: berserking, flying, very slightly contaminated, invisible, very quick, very
resistant to hostile enchantments, extremely unstealthy
A: big wings, horns 1, berserk 1, dopey 1, negative energy resistance 1,
electricity resistance, unbreathing, petrification resistance, rot immunity,
MP-powered wands, AC +13
a: Stop Flying, Berserk, Trog's Hand, Brothers in Arms, Burn Spellbooks,
Renounce Religion, Evoke Blink, Turn Visible
}: 2/15 runes: decaying, serpentine


You were on level 3 of the Elven Halls.
You worshipped Trog.
Trog was extremely pleased with you.
You were not hungry.

You visited 7 branches of the dungeon, and saw 35 of its levels.
You also visited: Labyrinth.

You collected 3933 gold pieces.
You spent 425 gold pieces at shops.

Inventory:

Hand Weapons
 e - a +6 executioner's axe of draining
 G - the +3 Elemental Staff {rElec rF++ rC++ MR++ AC+5}
   (You found it in a labyrinth)

   It affects your AC (+5).
   It greatly protects you from fire.
   It greatly protects you from cold.
   It insulates you from electricity.
   It affects your resistance to hostile enchantments.
 O - a +6 antimagic battleaxe
 R - the +7 battleaxe of Change (weapon) {flame, rC+ Int-4 Dex+5}
   (Trog gifted it to you on level 4 of the Lair of Beasts)

   It has been specially enchanted to burn those struck by it, causing extra
   injury to most foes and up to half again as much damage against particularly
   susceptible opponents.
   Big, fiery blades are also staple armaments of hydra-hunters.
   It affects your intelligence (-4).
   It affects your dexterity (+5).
   It protects you from cold.
 W - the +10 arbalest "Woovvan" {velocity, rF+ Dex+4}
   (Trog gifted it to you on level 3 of the Orcish Mines)

   Any bolt fired from it inflicts extra damage.
   It affects your dexterity (+4).
   It protects you from fire.
Missiles
 i - 18 bolts of frost
 o - 215 bolts
 K - 9 poisoned bolts
Armour
 d - a +2 hat (worn)
 j - the +4 ring mail of Birdsong {MR++ SInv}
   (You found it on level 6 of the Dungeon)

   It affects your resistance to hostile enchantments.
   It lets you see invisible.
 m - the +7 chain mail "Filurgh" (worn) {+Blink +Inv rN+}
   (You bought it in a shop on level 5 of the Dungeon)

   It protects you from negative energy.
   It lets you turn invisible.
   It lets you blink.
 v - a +2 cloak of invisibility (worn)
 D - the cursed +0 plate armour of the Pure Places {rPois Dex+4 SInv, unknown}
   (You took it off a deep elf high priest on level 3 of the Elven Halls)

   It affects your dexterity (+4).
   It protects you from poison.
   It lets you see invisible.
   It has a curse placed upon it.
 N - the +0 pair of gloves "Losom" (worn) {-Cast rElec Dex+2}
   (You found it in a labyrinth)

   It affects your dexterity (+2).
   It insulates you from electricity.
   It prevents spellcasting.
 P - a +0 pair of boots (worn)
Rods
 F - a +0 rod of ignition (11/11)
   (You found it in a labyrinth)
Jewellery
 b - the amulet of Efuyxa Uco (around neck) {Ward rN+ MP+9 Str-4 SInv}
   (You bought it in a shop on level 2 of the Orcish Mines)

   [amulet of warding]

   It may prevent the melee attacks of summoned creatures.
   It affects your strength (-4).
   It protects you from negative energy.
   It affects your magic capacity (+9).
   It lets you see invisible.
 f - a +5 ring of evasion
 g - an uncursed amulet of the gourmand
 r - a ring of protection from fire (left hand)
 t - the ring "Zoeshergh" (right hand) {rC++ MR+ Int+3}
   (You took it off a deep elf mage on level 2 of the Elven Halls)

   [ring of protection from magic]

   It affects your intelligence (+3).
   It greatly protects you from cold.
   It affects your resistance to hostile enchantments.
 w - an uncursed ring of protection from cold
 x - an uncursed ring of positive energy
 y - a +5 ring of evasion
 H - an uncursed ring of magical power
 M - an uncursed amulet of faith {unknown}
 S - an uncursed ring of protection from fire
 U - an uncursed ring of flight {unknown}
 X - an uncursed ring of wizardry {unknown}
Wands
 a - a wand of paralysis (10)
 s - a wand of invisibility (3)
 B - a wand of teleportation (2)
 I - a wand of cold (5)
 Z - a wand of lightning (12)
Scrolls
 k - 5 scrolls of remove curse
 l - a scroll of blinking
 n - a scroll of recharging
 p - 6 scrolls of teleportation
 A - 2 scrolls of fear
 C - 3 scrolls of enchant armour
 T - 4 scrolls of fog
 V - a scroll of magic mapping
Potions
 q - 3 potions of agility
 u - a potion of invisibility
 z - 15 potions of curing
 E - 2 potions of might
 J - 2 potions of brilliance
 Q - 2 potions of heal wounds
Miscellaneous
 h - a disc of storms
 L - a stone of tremors
 Y - a lamp of fire
Comestibles
 c - 14 bread rations


   Skills:
 + Level 17.0 Fighting
 + Level 17.9(18.2) Axes
 + Level 5.9(14.1) Maces & Flails
 + Level 5.5 Crossbows
 + Level 14.0 Armour
 + Level 9.7 Dodging
 * Level 14.0 Evocations


You had 18 spell levels left.
You didn't know any spells.

Dungeon Overview and Level Annotations

Branches:
Dungeon (11/15)            Temple (1/1) D:4            Lair (8/8) D:10
  Swamp (4/4) Lair:3        Snake (4/4) Lair:4        Slime (0/6) Lair:7
    Orc (4/4) D:9             Elf (3/3) Orc:3

Altars:
Fedhas
Gozag
Kikubaaqudgha
Makhleb
Nemelex Xobeh
Okawaru
Ru
Sif Muna
Trog
Xom
Yredelemnul
Zin
The Shining One
Jiyva

Shops:
D:5 [[(}   D:8 :   Orc:2 =   Orc:4 ?(}*   Snake:2 [

Annotations:
D:9 1 runed door, exclusion: orange crystal statue


Innate Abilities, Weirdness & Mutations

You are resistant to torment.
Your stone body is resilient (AC +13).
You are immune to poison.
Your large and strong wings let you fly indefinitely.
You resist negative energy.
You are resistant to electric shocks.
You can survive without breathing.
You are immune to petrification.
You are immune to rotting.
You have a pair of small horns on your head.
You tend to lose your temper in combat.
You are dopey. (Int -2)
You expend magic power (3 MP) to strengthen your wands.


Message History

Here: a deep elf annihilator, wielding a trident, wearing a scale mail and wearing a ring of protection from cold (lightly wounded)
An arrow.
The floor, spattered with blood.
A red film seems to cover your vision as you go berserk!
You feel yourself moving faster!
You feel mighty!
The deep elf annihilator hits you but does no damage.
You feel a strong urge to attack something.
The deep elf annihilator casts a spell at you.
The poison arrow hits you! You partially resist.
* * * LOW HITPOINT WARNING * * *
There is an open door here.
You slice the deep elf annihilator!! You burn the deep elf annihilator.
Your headbutt misses the deep elf annihilator.
The deep elf annihilator is severely wounded.
You barely miss the deep elf annihilator.
Your headbutt misses the deep elf annihilator.
The deep elf annihilator is severely wounded.
The deep elf annihilator casts a spell at you.
The crystal spear hits you!
You die...

#§# ##'##.### #)#
##.#####
#)###########§## #
#.))e...e.§ee## ##
#######.###e## ##.
##.##§## #####.# #...e##
##...'##
##...###########.....#
#)..ee@.......)'.....##
##.....##########.......
#.......# ##...##.
#.......# ##'###.
######### #.# #. #.# ##
#.# #.# #.# #


You could see 2 deep elf annihilators.

Vanquished Creatures
  A tentacled monstrosity (Swamp:2)
  Asterion (Snake:1)
  2 deep elf blademasters (Elf:3)
  A deep elf master archer (Elf:3)
  5 thorn hunters
  Kirke (Lair:6)
  5 greater nagas
  Donald (Swamp:2)
  Aizul (Snake:1)
  4 deep elf sorcerers (Elf:3)
  A very ugly thing (Swamp:4)
  The ghost of nublet the Carver, a journeyman DsGl of Ashenzari (Lair:5)
  8 deep elf annihilators (Elf:3)
  A deep elf demonologist (Elf:1)
  Snorg (Lair:4)
  6 deep elf death magi (Elf:3)
  5 deep elf high priests (Elf:3)
  A minotaur (Lab)
  11 naga warriors
  A catoblepas (Lair:8)
  11 anacondas
  4 alligators
  26 hydras
  12 dancing weapons (Elf:2)
  3 orc high priests (Orc:4)
  2 death yaks (Lair:8)
  11 naga sharpshooters
  8 shock serpents
  Sonja (Lair:1)
  Nergalle (Lair:4)
  8 spriggans
  2 small abominations (Elf:3)
  2 spriggan druids (Swamp:4)
  10 deep elf knights
  2 salamander mystics
  16 deep elf summoners
  7 shambling mangroves
  5 orc knights
  13 swamp dragons
  12 naga ritualists
  4 orc sorcerers
  2 hill giants
  4 deep elf conjurers (Elf:2)
  2 griffons
  2 manticores (Lair:8)
  11 mana vipers
  20 elephants
  3 salamanders
  Maurice (Orc:4)
  46 black mambas
  26 naga magi
  20 spiny frogs
  Psyche (D:8)
  2 guardian serpents
  A torpor snail (Lair:8)
  5 komodo dragons
  4 fire drakes
  4 red devils (Elf:2)
  2 deep elf priests (Elf:2)
  9 giant leeches
  5 trolls
  A polar bear (Lair:5)
  28 blink frogs
  Prince Ribbit (D:8)
  A two-headed ogre (D:9)
  7 bog bodies
  4 slime creatures
  A slime creature (shapeshifter) (Elf:1)
  2 shadows
  2 wyverns (Lair:8)
  2 basilisks
  33 yaks
  15 deep elf magi
  2 hogs (Lair:6)
  25 vampire mosquitoes
  17 deep elf fighters
  10 wolves
  14 insubstantial wisps
  29 swamp worms
  8 hippogriffs
  3 wargs
  47 nagas
  12 water moccasins
  11 porcupines
  Duvessa (D:5)
  2 phantoms
  19 orc warriors
  8 ogres
  2 sky beasts
  17 swamp drakes
  A necrophage (D:9)
  24 wasps
  15 crocodiles
  5 centaurs
  A gnoll sergeant (D:11)
  25 giant frogs
  Dowan (D:5)
  A wyvern skeleton (D:7)
  2 wyvern zombies
  A scorpion (D:10)
  6 killer bees (D:11)
  4 electric eels
  4 crimson imps
  7 hounds
  28 orc wizards
  21 orc priests
  4 jellies
  3 giant frog skeletons
  9 worker ants
  Natasha (thrice) (D:4)
  11 iguanas
  27 sheep
  2 killer bee zombies (D:5)
  A hell rat (D:6)
  A hound zombie (D:9)
  20 gnolls
  46 river rats
  A worker ant zombie (D:10)
  12 adders
  3 oozes
  An adder zombie (D:8)
  3 worms
  9 giant geckos
  146 orcs
  11 bats
  4 hobgoblins
  10 jackals
  5 kobolds
  4 quokkas
  7 giant cockroaches
  A giant gecko skeleton (D:6)
  5 giant newts
  4 goblins
  A quokka skeleton (D:7)
  A quokka zombie (D:6)
  31 rats
  6 briar patches
  A crawling corpse (Elf:3)
  4 fungi
  7 plants
  A spectral weapon (Snake:1)
1263 creatures vanquished.

Vanquished Creatures (collateral kills)
  Vashnia (Snake:4)
  2 greater nagas (Snake:4)
  A deep elf sorcerer (Elf:3)
  2 deep elf demonologists (Elf:3)
  A deep elf high priest (Elf:3)
  2 dancing weapons (Elf:2)
  4 naga sharpshooters (Snake:4)
  2 deep elf knights (Elf:2)
  A black mamba (Snake:1)
  A deep elf fighter (Elf:3)
  2 crawling corpses (Elf:3)
19 creatures vanquished.

Vanquished Creatures (others)
  A black mamba (Snake:1)
  A deep elf priest (Elf:2)
  3 humans
  A wasp (Swamp:4)
  An orc (Orc:4)
  3 briar patches
  10 fungi
  5 plants
25 creatures vanquished.

Grand Total: 1307 creatures vanquished

Notes
Turn   | Place    | Note
--------------------------------------------------------------
     0 | D:1      | Shtopit the Gargoyle Berserker began the quest for the Orb.
     0 | D:1      | Reached XP level 1. HP: 14/14 MP: 1/1
   162 | D:1      | Reached XP level 2. HP: 17/19 MP: 2/2
   687 | D:1      | Reached XP level 3. HP: 20/24 MP: 3/3
   941 | D:2      | Reached skill level 4 in Fighting
   965 | D:2      | Reached ** piety under Trog
  1280 | D:2      | Reached XP level 4. HP: 21/29 MP: 4/4
  1779 | D:3      | Found a blossoming altar of Fedhas.
  1940 | D:3      | Reached XP level 5. HP: 28/33 MP: 5/5
  1995 | D:3      | Found a sparkling altar of Nemelex Xobeh.
  1995 | D:3      | Found an ancient bone altar of Kikubaaqudgha.
  2152 | D:3      | Reached skill level 1 in Evocations
  2591 | D:4      | Reached XP level 6. HP: 38/38 MP: 5/7
  2594 | D:4      | Reached *** piety under Trog
  2649 | D:4      | Noticed Natasha
  2653 | D:4      | Killed Natasha
  2868 | D:4      | Noticed Natasha
  2887 | D:4      | Killed Natasha
  2915 | D:4      | Noticed Natasha
  2928 | D:4      | Killed Natasha
  3152 | D:4      | Found a burning altar of Makhleb.
  3155 | D:4      | Found a glowing silver altar of Zin.
  3155 | D:4      | Noticed an Executioner
  3155 | D:4      | Noticed an angel
  3255 | D:4      | Reached XP level 7. HP: 44/44 MP: 2/8
  3444 | D:4      | Noticed an ogre
  3447 | D:4      | Killed an ogre
  3713 | D:4      | Found a staircase to the Ecumenical Temple.
  4000 | Temple   | Entered the Ecumenical Temple
  4089 | D:5      | Entered Level 5 of the Dungeon
  4090 | D:5      | Found Oroqom's Weapon Shoppe.
  4107 | D:5      | Found Tevuf's Armour Boutique.
  4150 | D:5      | Reached skill level 1 in Axes
  4172 | D:5      | Found Susho's Gadget Shop.
  4200 | D:5      | Reached skill level 5 in Fighting
  4535 | D:5      | Reached skill level 5 in Maces & Flails
  4535 | D:5      | Reached XP level 8. HP: 49/49 MP: 3/9
  4542 | D:5      | Reached skill level 5 in Armour
  4608 | D:5      | Noticed Duvessa
  4609 | D:5      | Noticed Dowan
  4618 | D:5      | Killed Duvessa
  4618 | D:5      | Killed Dowan
  4723 | D:5      | Found Izxaclat's Antique Armour Emporium.
  4731 | D:5      | Bought a brightly glowing chain mail for 247 gold pieces
  4741 | D:5      | Identified the +7 chain mail "Filurgh" {+Blink +Inv rN+} (You bought it in a shop on level 5 of the Dungeon)
  5149 | D:6      | Got a fine ring mail
  5463 | D:6      | Reached **** piety under Trog
  6261 | D:7      | Found an opulent altar of Gozag.
  6304 | D:7      | Reached skill level 6 in Fighting
  6304 | D:7      | Reached XP level 9. HP: 47/55 MP: 3/11
  6624 | D:7      | Found a bloodstained altar of Trog.
  6900 | D:8      | Found an iron altar of Okawaru.
  6988 | D:8      | Noticed Prince Ribbit
  6989 | D:8      | Noticed Psyche
  6993 | D:8      | Found Huannuih's Book Boutique.
  7000 | D:8      | Killed Psyche
  7000 | D:8      | Reached skill level 5 in Axes
  7001 | D:8      | Killed Prince Ribbit
  7342 | D:8      | Reached skill level 7 in Fighting
  7602 | D:9      | Reached skill level 5 in Evocations
  7602 | D:9      | Reached XP level 10. HP: 63/63 MP: 4/13
  7626 | D:9      | Reached ***** piety under Trog
  7767 | D:9      | Found a basalt altar of Yredelemnul.
  8205 | D:9      | Found a runed door.
  8208 | D:9      | Found a staircase to the Orcish Mines.
  8220 | D:9      | Found a runed door.
  8231 | D:9      | Found a runed door.
  8240 | D:9      | Found a runed door.
  8275 | D:9      | Noticed an orange crystal statue
  8313 | D:9      | Noticed a hill giant
  8410 | D:9      | Lost intelligence.
  9248 | D:9      | Identified the +4 ring mail of Birdsong {MR++ SInv} (You found it on level 6 of the Dungeon)
  9614 | D:9      | Noticed a hill giant
  9620 | D:9      | Killed a hill giant
  9829 | D:9      | Reached skill level 5 in Dodging
  9944 | D:9      | Reached skill level 8 in Armour
 10049 | Orc:1    | Entered Level 1 of the Orcish Mines
 10049 | Orc:1    | Noticed an orc knight
 10084 | D:9      | Killed an orc knight
 10358 | Orc:1    | Reached XP level 11. HP: 68/68 MP: 5/15
 10913 | Orc:3    | Found a staircase to the Elven Halls.
 11234 | Orc:3    | Received a gift from Trog
 11277 | Orc:3    | Got a warped arbalest {god gift}
 11278 | Orc:3    | Identified the +10 arbalest "Woovvan" {velocity, rF+ Dex+4} (Trog gifted it to you on level 3 of the Orcish Mines)
 11367 | Orc:3    | Paralysed by an orc sorcerer for 3 turns
 11375 | Orc:3    | Paralysed by an orc sorcerer for 5 turns
 11378 | Orc:3    | Gained mutation: Your spells are a little harder to cast, but a little more powerful. [a neqoxec]
 11380 | Orc:3    | Gained mutation: You tend to lose your temper in combat. [a neqoxec]
 12042 | Orc:4    | Entered Level 4 of the Orcish Mines
 12051 | Orc:4    | Reached skill level 9 in Fighting
 12204 | Orc:4    | Noticed Maurice
 12213 | Orc:4    | Killed Maurice
 12309 | Orc:4    | Received a gift from Trog
 12701 | Orc:4    | Noticed an orc knight
 12716 | Orc:4    | Killed an orc knight
 13064 | Orc:4    | Paralysed by an orc sorcerer for 2 turns
 13100 | Orc:4    | Noticed an orc knight
 13113 | Orc:4    | Noticed an orc high priest
 13114 | Orc:4    | Noticed an orc high priest
 13118 | Orc:4    | Noticed an orc high priest
 13121 | Orc:4    | Noticed a sun demon
 13121 | Orc:4    | Killed an orc high priest
 13127 | Orc:4    | Noticed an ice devil
 13128 | Orc:4    | Killed an orc high priest
 13130 | Orc:4    | Noticed an orc knight
 13131 | Orc:4    | Killed an orc knight
 13131 | Orc:4    | Reached XP level 12. HP: 77/77 MP: 5/17
 13143 | Orc:4    | Killed an orc high priest
 13143 | Orc:4    | Reached skill level 10 in Fighting
 13147 | Orc:4    | Killed an orc knight
 13152 | Orc:4    | Noticed an orc knight
 13174 | Orc:4    | Killed an orc knight
 13396 | Orc:4    | Found Wueteaph's General Store.
 13396 | Orc:4    | Found Mavvalaz's Gadget Shoppe.
 13402 | Orc:4    | Found Jafyfup's Antique Weapon Boutique.
 13402 | Orc:4    | Found Sawnam's Magic Scroll Shoppe.
 14210 | Orc:2    | Found Celuz's Jewellery Shop.
 14227 | Orc:2    | Bought the amulet of Efuyxa Uco {Ward rN+ MP+9 Str-4 SInv} for 178 gold pieces
 14602 | Orc:1    | Received a gift from Trog
 14819 | D:10     | Entered Level 10 of the Dungeon
 14928 | D:10     | Found a staircase to the Lair.
 14944 | D:10     | Reached ****** piety under Trog
 15262 | Lair:1   | Entered Level 1 of the Lair of Beasts
 15405 | Lair:1   | Noticed Sonja
 15498 | Lair:1   | Reached skill level 10 in Axes
 15703 | Lair:1   | Killed Sonja
 16247 | Lair:2   | Found a labyrinth entrance.
 16256 | Lab      | Entered a labyrinth
 16750 | Lab      | Noticed a minotaur
 16760 | Lab      | Killed a minotaur
 16762 | Lab      | Identified Sif Muna's Reference Book on the Arsonist
 16763 | Lab      | Got a crude great mace
 16763 | Lab      | Got a steaming battleaxe {pain}
 16763 | Lab      | Got a pair of ancient gloves
 16905 | Lair:2   | Identified the +0 pair of gloves "Losom" {-Cast rElec Dex+2} (You found it in a labyrinth)
 16905 | Lair:2   | Identified the +0 great mace of Mandamus {crush, rPois rN+ Stlth+} (You found it in a labyrinth)
 16906 | Lair:2   | Identified the cursed +1 battleaxe "Ogreslayer" {pain, Int+4} (You took it off a minotaur in a labyrinth)
 16908 | Lair:2   | Identified a +0 rod of ignition (11/11) (You found it in a labyrinth)
 17131 | Lair:2   | Noticed a six-headed hydra
 17140 | Lair:2   | Killed a six-headed hydra
 17413 | Lair:2   | Reached skill level 11 in Fighting
 17416 | Lair:2   | Reached XP level 13. HP: 84/84 MP: 6/19
 17435 | Lair:2   | Noticed a five-headed hydra
 17440 | Lair:2   | Noticed a five-headed hydra
 17820 | Lair:3   | Found a staircase to the Swamp.
 18113 | Lair:3   | Reached skill level 10 in Armour
 18113 | Lair:3   | Gained mutation: Your large and strong wings let you fly indefinitely. [Gargoyle growth]
 18113 | Lair:3   | Reached XP level 14. HP: 90/90 MP: 6/20
 18507 | Lair:4   | Received a gift from Trog
 18510 | Lair:4   | Got an ivory battleaxe {god gift}
 18514 | Lair:4   | Identified the +7 battleaxe of Change {flame, rC+ Int-4 Dex+5} (Trog gifted it to you on level 4 of the Lair of Beasts)
 18715 | Lair:4   | Noticed Snorg
 18726 | Lair:4   | Killed Snorg
 18935 | Lair:4   | Found a staircase to the Snake Pit.
 19091 | Lair:4   | Noticed Nergalle
 19102 | Lair:4   | Killed Nergalle
 19481 | Lair:5   | Reached skill level 12 in Fighting
 19706 | Lair:5   | Noticed nublet's ghost (journeyman DsGl)
 19716 | Lair:5   | Killed nublet's ghost
 19912 | Lair:5   | Received a gift from Trog
 19916 | Lair:5   | Got a brightly glowing broad axe
 20272 | Lair:6   | Noticed Kirke
 20289 | Lair:6   | Killed Kirke
 20323 | Lair:6   | Identified the cursed +0 broad axe of Jomagh {flame, +Rage rPois} (You found it on level 5 of the Lair of Beasts)
 20491 | Lair:6   | Reached skill level 10 in Evocations
 21550 | Lair:7   | Reached XP level 15. HP: 97/97 MP: 22/22
 21579 | Lair:7   | Found a viscous altar of Jiyva.
 21581 | Lair:7   | Found a staircase to the Slime Pits.
 21843 | Lair:8   | Entered Level 8 of the Lair of Beasts
 22311 | Lair:8   | Reached skill level 13 in Axes
 23412 | Lair:8   | Received a gift from Trog
 23922 | Lair:2   | Killed a three-headed hydra
 24053 | Lair:2   | Killed a one-headed hydra
 25183 | Snake:1  | Entered Level 1 of the Snake Pit
 26010 | Snake:1  | Reached skill level 14 in Axes
 26169 | Snake:1  | Noticed Aizul
 26173 | Snake:1  | Received a gift from Trog
 26201 | Snake:1  | Killed Aizul
 26201 | Snake:1  | Reached XP level 16. HP: 94/105 MP: 24/24
 26310 | Snake:1  | Noticed Asterion
 26330 | Snake:1  | Killed Asterion
 26732 | Snake:2  | Found Nukegaq's Armour Emporium.
 28135 | Snake:3  | Received a gift from Trog
 28836 | Snake:4  | Entered Level 4 of the Snake Pit
 28980 | Snake:4  | Reached skill level 15 in Axes
 29274 | Snake:4  | Reached XP level 17. HP: 99/112 MP: 25/25
 29283 | Snake:4  | Noticed Vashnia
 29330 | Snake:4  | Received a gift from Trog
 29881 | Snake:4  | Reached skill level 15 in Fighting
 30294 | Snake:4  | Killed Vashnia
 30744 | Snake:4  | Received a gift from Trog
 31296 | Snake:4  | Got a serpentine rune of Zot
 31650 | Snake:2  | You fall through a shaft!
 32509 | Swamp:1  | Entered Level 1 of the Swamp
 32825 | Swamp:1  | Reached skill level 16 in Axes
 33260 | Swamp:1  | Received a gift from Trog
 33478 | Swamp:2  | Noticed Donald
 33501 | Swamp:2  | Killed Donald
 33501 | Swamp:2  | Reached XP level 18. HP: 110/119 MP: 27/27
 33506 | Swamp:2  | Found a sparkling altar of Nemelex Xobeh.
 33669 | Swamp:2  | Noticed a tentacled monstrosity
 33688 | Swamp:2  | Killed a tentacled monstrosity
 35192 | Swamp:4  | Entered Level 4 of the Swamp
 35205 | Swamp:4  | Received a gift from Trog
 35791 | Swamp:4  | Received a gift from Trog
 35800 | Swamp:4  | Gained mutation: You are dopey. (Int -2) [mutagenic glow]
 35987 | Swamp:4  | Got a decaying rune of Zot
 36019 | Swamp:4  | Reached skill level 17 in Axes
 37154 | Elf:1    | Entered Level 1 of the Elven Halls
 37253 | Elf:1    | Lost mutation: Your spells are a little harder to cast, but a little more powerful. [a cacodemon]
 37257 | Elf:1    | Gained mutation: You expend magic power (3 MP) to strengthen your wands. [a cacodemon]
 37260 | Elf:1    | Gained mutation: You have a pair of small horns on your head. [a cacodemon]
 37286 | Elf:1    | Received a gift from Trog
 37293 | Elf:1    | Identified a scroll of acquirement
 37366 | Elf:1    | You are sucked into a shaft!
 37390 | Elf:2    | Reached XP level 19. HP: 76/126 MP: 29/29
 37715 | Elf:2    | Found a huge runed gate.
 37716 | Elf:2    | Found a huge runed gate.
 37717 | Elf:2    | Found a huge runed gate.
 37718 | Elf:2    | Found a huge runed gate.
 37719 | Elf:2    | Found a huge runed gate.
 38185 | Elf:2    | Received a gift from Trog
 38306 | Elf:2    | Got a serpentine ivory ring
 38392 | Elf:2    | Received a gift from Trog
 39130 | Elf:2    | Identified the ring "Zoeshergh" {rC++ MR+ Int+3} (You took it off a deep elf mage on level 2 of the Elven Halls)
 39211 | Elf:3    | Entered Level 3 of the Elven Halls
 39679 | Elf:3    | Reached skill level 5 in Crossbows
 39684 | Elf:3    | Received a gift from Trog
 40683 | Elf:3    | Got a polished plate armour
 41367 | Elf:3    | Killed from afar by a deep elf annihilator

Action                   |  1- 3 |  4- 6 |  7- 9 | 10-12 | 13-15 | 16-18 | 19-21 || total
-------------------------+-------+-------+-------+-------+-------+-------+-------++-------
Melee: Mace              |   137 |   119 |       |       |       |       |       ||   256
       Flail             |       |    49 |       |       |       |       |       ||    49
       Battleaxe         |       |     3 |   228 |   658 |   393 |   921 |   243 ||  2446
       Great mace        |       |       |       |     7 |    13 |       |       ||    20
       Executioner's axe |       |       |       |       |   232 |   221 |    78 ||   531
       Broad axe         |       |       |       |       |   206 |       |       ||   206
 Fire: Arbalest          |       |       |       |     1 |       |    46 |    97 ||   144
Invok: Berserk           |       |     3 |       |     1 |     6 |     4 |     2 ||    16
       Burn Spellbooks   |       |       |     1 |       |     2 |     2 |       ||     5
       Trog's Hand       |       |       |       |     1 |     3 |     9 |     3 ||    16
       Brothers in Arms  |       |       |       |       |       |     6 |     2 ||     8
 Abil: Evoke Invisibilit |       |       |       |     3 |     2 |     4 |     1 ||    10
       Evoke Blink       |       |       |       |     2 |     1 |     1 |     1 ||     5
       Fly               |       |       |       |       |       |     5 |       ||     5
Evoke: Wand              |       |       |       |     1 |       |     3 |       ||     4
       Stone of tremors  |       |       |       |       |       |     2 |       ||     2
       Rod               |       |       |       |       |       |     2 |       ||     2
       Lamp of fire      |       |       |       |       |       |     1 |     1 ||     2
       Disc of storms    |       |       |       |       |       |       |     6 ||     6
  Use: Scroll            |       |       |    13 |    12 |     7 |    12 |     6 ||    50
       Potion            |       |       |     7 |     6 |     5 |     4 |       ||    22
 Stab: Invisible         |       |       |       |    12 |     3 |    12 |       ||    27
       Petrified         |       |       |       |       |     3 |       |       ||     3
       Petrifying        |       |       |       |       |     1 |       |       ||     1
       Confused          |       |       |       |       |       |     1 |       ||     1
  Eat: Chunk             |     1 |    10 |    37 |    65 |    23 |     7 |     2 ||   145
       Pizza             |       |       |       |     3 |     1 |     3 |       ||     7
       Beef jerky        |       |       |       |     3 |       |       |       ||     3
       Meat ration       |       |       |       |     1 |     5 |     6 |     1 ||    13
       Royal jelly       |       |       |       |     2 |       |       |       ||     2
       Fruit             |       |       |       |       |       |    10 |       ||    10
       Bread ration      |       |       |       |       |       |     1 |     3 ||     4
